 Dungeon Crawl Stone Soup version 0.21.0-24-g2553a33 (webtiles) character file.

18 tidbits the Grave Robber (level 2, -2/20 HPs)
             Began as a Gnoll Necromancer on Jan 20, 2018.
             Killed from afar by Natasha (11 damage)
             ... with a magic dart
             ... on level 2 of the Dungeon.
             The game lasted 00:01:42 (208 turns).

tidbits the Grave Robber (Gnoll Necromancer)         Turns: 208, Time: 00:01:43

Health: -2/20      AC:  2    Str: 10    XL:     2   Next: 70%
Magic:  4/7        EV: 14    Int: 17    God:
Gold:   26         SH:  0    Dex: 15    Spells: 9/10 levels left

rFire    . . .     SeeInvis .   a - +2 dagger (flame)
rCold    . . .     Gourm    .   (no shield)
rNeg     . . .     Faith    .   e - +0 robe
rPois    .         Spirit   .   (no helmet)
rElec    .         Reflect  .   (no cloak)
rCorr    .         Harm     .   (no gloves)
MR       .....                  (no boots)
Stlth    +++.......             (no amulet)
HPRegen  0.06/turn              (no ring)
MPRegen  0.10/turn              (no ring)

@: lethally poisoned (-2 -> -7)
A: distributed training, fangs 1, strong nose
a: no special abilities


You were on level 2 of the Dungeon.
You were full.

You visited 1 branch of the dungeon, and saw 2 of its levels.

You collected 26 gold pieces.

Inventory:

Hand Weapons
 a - a +2 dagger of flaming (weapon)
   (You took it off a goblin on level 2 of the Dungeon)
 d - a +0 mace
Armour
 e - a +0 robe (worn)
Scrolls
 g - a scroll of random uselessness
 r - a scroll of remove curse
Potions
 i - 2 potions of curing
Books
 b - a book of Necromancy

   Spells                             Type                      Level
   a - Pain                           Necromancy                   1
   b - Animate Skeleton               Necromancy                   1
   c - Vampiric Draining              Necromancy                   3
   d - Regeneration                   Charms/Necromancy            3
   e - Animate Dead                   Necromancy                   4
   f - Borgnjor's Vile Clutch         Necromancy/Earth             5
Comestibles
 c - a ration


   Skills:
 + Level 0.5 Fighting
 + Level 0.5 Short Blades
 + Level 0.5 Long Blades
 + Level 0.5 Axes
 + Level 0.5 Maces & Flails
 + Level 0.5 Polearms
 + Level 0.5 Staves
 + Level 0.5 Slings
 + Level 0.5 Bows
 + Level 0.5 Crossbows
 + Level 0.5 Throwing
 + Level 0.5 Armour
 + Level 4.5 Dodging
 + Level 4.1 Stealth
 + Level 0.5 Shields
 + Level 0.5 Unarmed Combat
 + Level 4.9 Spellcasting
 + Level 0.3 Conjurations
 + Level 0.3 Hexes
 + Level 0.3 Charms
 + Level 0.3 Summonings
 + Level 7.0 Necromancy
 + Level 0.3 Translocations
 + Level 0.3 Transmutations
 + Level 0.3 Fire Magic
 + Level 0.3 Ice Magic
 + Level 0.3 Air Magic
 + Level 0.3 Earth Magic
 + Level 0.3 Poison Magic
 + Level 0.6 Invocations
 + Level 0.5 Evocations


You had 9 spell levels left.
You knew the following spells:

 Your Spells              Type           Power        Failure   Level  Hunger
a - Pain                  Necr           ####         1%          1    None


Dungeon Overview and Level Annotations

Branches:
Dungeon (2/15)

Altars:

Annotations:
D:2 Natasha


Innate Abilities, Weirdness & Mutations

Your experience applies equally to all skills.
You have very sharp teeth.
Your uncanny sense of smell can sniff out nearby items.


Message History

Found a scroll labeled RIAFACIOLU.
The helpless leopard gecko fails to defend itself.
You impale the leopard gecko!! You burn the leopard gecko.
You kill the leopard gecko!
You see here a leopard gecko corpse.
You see here a scroll labeled RIAFACIOLU.
h - a scroll labeled RIAFACIOLU A kobold comes into view.
The kobold shouts!
Found a scroll labeled RIAFACIOLU.
Casting: Pain
Confirm with . or Enter, or press ? or * to list all spells.
Aiming: Pain
Press: ? - help, Shift-Dir - straight line, f - kobold
Aim: a kobold (chance to defeat MR: 93%)
The kobold writhes in agony!
You kill the kobold!
You have reached level 2!
You see here a kobold corpse.
You see here a scroll labeled RIAFACIOLU.
h - 2 scrolls labeled RIAFACIOLU (gained 1)
Found 2 amethyst potions.
You see here 2 amethyst potions.
i - 2 amethyst potions
As you read the scroll labeled BYVUAV USCHO, it crumbles to dust.
The dust glows pulsating dun!
It was a scroll of random uselessness.
As you read the scroll labeled RIAFACIOLU, it crumbles to dust.
It is a scroll of identify.
i - 2 potions of curing
As you read the scroll of identify, it crumbles to dust.
f - a scroll of remove curse Adjust (i)tems, (s)pells, or (a)bilities?
Adjust which item? (? for menu, Esc to quit)
f - a scroll of remove curse Adjust to which letter? (? for menu, Esc to quit)
r - a scroll of remove curse
Found a ration.
Found a leather armour.
A hobgoblin comes into view.
Found a stone staircase leading down.
An adder comes into view.
The hobgoblin shouts!
The adder hisses angrily.
You hear a shout!
The adder moves out of view.
The hobgoblin barely misses you.
A goblin comes into view. It is wielding a club.
You hit the hobgoblin but do no damage. The hobgoblin misses you.
You closely miss the hobgoblin. Your bite misses the hobgoblin.
The hobgoblin hits you.
You hit the hobgoblin. You burn the hobgoblin. You bite the hobgoblin.
The hobgoblin is almost dead.
The hobgoblin misses you.
You hit the hobgoblin. You burn the hobgoblin.
You kill the hobgoblin!
Casting: Pain
Confirm with . or Enter, or press ? or * to list all spells.
Aiming: Pain
Press: ? - help, Shift-Dir - straight line, f - goblin
Aim: a goblin, wielding a club (chance to defeat MR: 93%)
The goblin writhes in agony!
You kill the goblin!
Things that are here:
a club; a ration You eat the ration.
That ration really hit the spot!
You see here a leather armour.
You hit the adder. You burn the adder.
The adder is lightly wounded.
The adder bites you.
You are poisoned.
The adder poisons you!
Casting: Pain
Confirm with . or Enter, or press ? or * to list all spells.
Aiming: Pain
Press: ? - help, Shift-Dir - straight line, f - adder
Aim: an adder (lightly wounded, chance to defeat MR: 89%)
The adder writhes in agony!
You feel sick. The adder closely misses you. The adder misses you.
Casting: Pain
Confirm with . or Enter, or press ? or * to list all spells.
Aiming: Pain
Press: ? - help, Shift-Dir - straight line, f/p - adder
Aim: an adder (severely wounded, chance to defeat MR: 89%)
The adder writhes in agony!
You kill the adder!
Okay, then.
You feel sick.
Found a stone staircase leading down.
There is a stone staircase leading down here.
Found a scroll labeled XOESAS UTRONAE.
You feel sick.
Natasha, Servant of Life and Death comes into view.
Casting: Pain
Confirm with . or Enter, or press ? or * to list all spells.
Aiming: Pain
Press: ? - help, Shift-Dir - straight line, f - Natasha
Aim: Natasha (hasn't noticed you, chance to defeat MR: 84%) Natasha hisses angrily.
Natasha writhes in agony!
Natasha casts a spell at you. The magic dart hits you!
Ouch! That really hurt!
You die...

..#.#.# #...... ##.....
#####..#
#####...#.###.......
#......##.##..#####<
#..>.......######
#..........#.....
#............# # ∆
##.....[....## #
#@.........†######
...............).......#
......##..........####..
.....# #..........# ##.
....? #..........# ##
.... ###h######## # ...
.... # ... ..... # ###


You could see Natasha.

Vanquished Creatures
  An adder (D:2)
  A leopard gecko (D:2)
  2 hobgoblins
  A bat (D:1)
  2 goblins (D:2)
  A kobold (D:2)
  2 rats
10 creatures vanquished.

Notes
Turn   | Place    | Note
-------+----------+-------------------------------------------
     0 | D:1      | tidbits the Gnoll Necromancer began the quest for the Orb.
     0 | D:1      | Reached XP level 1. HP: 13/13 MP: 6/6
   149 | D:2      | Reached XP level 2. HP: 16/19 MP: 5/7
   208 | D:2      | Noticed Natasha
   208 | D:2      | Killed from afar by Natasha

Action                   || total
-------------------------++-------
Melee: Mace              ||     3
       Dagger            ||     6
       Bite              ||     1
 Cast: Pain              ||    12
  Use: Scroll            ||     3
 Stab: Sleeping          ||     1
  Eat: Ration            ||     1
Armor: Robe              ||     2
Dodge: Dodged            ||     9

Table legend:
 A = Turns spent in this place as a percentage of turns spent in the entire game.
 B = Non-inter-level travel turns spent in this place as a percentage of non-inter-level travel turns spent in the entire game.
 C = Inter-level travel turns spent in this place as a percentage of turns spent in this place.
 D = Turns resting spent in this place as a percentage of non-inter-level travel turns spent in this place.
 E = Turns spent auto-exploring this place as a percentage of non-inter-level travel turns spent in this place.
 F = Non-inter-level travel turns spent in this place divided by the number of levels of this place that you've seen.
                   A       B       C       D       E      F
               +-------+-------+-------+-------+-------+----------------------
         Total | 100.0 | 100.0 |   0.0 |   0.0 |   0.0 | 104.0
       Dungeon | 100.0 | 100.0 |   0.0 |   0.0 |   0.0 | 104.0
               +-------+-------+-------+-------+-------+----------------------

Table legend:
 A = Kills in this place as a percentage of kills in entire the game.
 B = Kills by you in this place as a percentage of kills by you in the entire game.
 C = Kills by friends in this place as a percentage of kills by friends in the entire game.
 D = Other kills in this place as a percentage of other kills in the entire game.
 E = Experience gained in this place as a percentage of experience gained in the entire game.
 F = Experience gained in this place divided by the number of levels of this place that you have seen.
                   A       B       C       D       E      F
               +-------+-------+-------+-------+-------+----------------------
         Total | 100.0 | 100.0 |   N/A |   N/A | 100.0 |  13.5
       Dungeon | 100.0 | 100.0 |   N/A |   N/A | 100.0 |  13.5
               +-------+-------+-------+-------+-------+----------------------

Vault maps used:
D:1:      dpeg_arrival_simpleton_c, minmay_misc_feat_iff
D:2:      uniq_sigmund, uniq_natasha
